 Seeded DCSS version 0.30.1 (webtiles) character file.

Game seed: 7229806256980976716 (custom seed)

22 McKennaii the Conjurer (level 2, 20/20 HPs)
             Began as a Demigod Conjurer on July 12, 2023.
             Quit the game on level 1 of the Dungeon.
             The game lasted 00:00:42 (706 turns).

McKennaii the Conjurer (Demigod Conjurer)            Turns: 706, Time: 00:00:43

Health: 20/20      AC:  2    Str:  8    XL:     2   Next: 51%
Magic:  7/7        EV: 12    Int: 20    God:
Gold:   35         SH:  0    Dex: 12    Spells: 4/5 levels left

rFire   . . .        (no weapon)
rCold   . . .        (no shield)
rNeg    . . .        a - +0 robe
rPois   .            (no helmet)
rElec   .            (no cloak)
rCorr   .            (no gloves)
SInv    .            (no boots)
Will    .....        (no amulet)
Stlth   ++           (no ring)
HPRegen 0.23/turn    (no ring)
MPRegen 0.10/turn

%: no passive effects
@: no status effects
A: high MP 1, forlorn, divine attributes
a: no special abilities


You were on level 1 of the Dungeon.
You visited 1 branch of the dungeon, and saw 1 of its levels.

You collected 35 gold pieces.

Inventory:

Missiles
 c - a throwing net
Armour
 a - a +0 robe (worn)
Scrolls
 d - 2 scrolls of amnesia
 f - a scroll of blinking {unknown}
 h - a scroll of teleportation {unknown}
 i - a scroll of acquirement
Potions
 b - a potion of magic
 g - a potion of mutation {unknown}


   Skills:
 - Level 1.7 Dodging
 - Level 1.7 Stealth
 + Level 2.3 Spellcasting
 + Level 4.0 Conjurations


You had 4 spell levels left.
You knew the following spells:

 Your Spells              Type           Power      Damage    Failure   Level
a - Magic Dart            Conj           72%        1d6       3%          1

Your spell library contained the following spells:

 Spells                   Type           Power      Damage    Failure   Level
 Searing Ray              Conj           36%        2d5       4%          2
 Dazzling Flash           Conj/Hex       20%        N/A       21%         3
 Fulminant Prism          Conj/Hex       5%         3d7       54%         4
 Iskenderun's Mystic Bla  Conj/Tloc      10%        2d4       54%         4


Dungeon Overview and Level Annotations

Branches:
Dungeon (1/15)


Innate Abilities, Weirdness & Mutations

You have an increased reservoir of magic. (+10% MP)
You shall have no god before yourself.
Your divine heritage dramatically boosts your attributes as you level up.


Message History

You hit the jackal but do no damage.
The jackal is almost dead.
The jackal bites you.
Casting: Magic Dart (safe; 3% risk of failure)
Confirm with . or Enter, or press ? or * to list all spells.
Aiming: Magic Dart (safe; 3% risk of failure)
Press: ? - help, Shift-Dir - straight line, f - jackal
Aim: a jackal (almost dead, 100% to hit)
The magic dart hits the jackal but does no damage.
The jackal is almost dead.
The jackal bites you but does no damage.
Unknown command.
A jackal is nearby!
You are out of magic!
A jackal is nearby!
You hit the jackal.
You kill the jackal!
You are out of magic!
Key pressed, stopping explore.
No target in view!
You can't see any susceptible monsters within range! (Use Z to cast anyway.) No target in view!
You now have 35 gold pieces (gained 13).
Found a whip.
You can't see any susceptible monsters within range! (Use Z to cast anyway.)
Found 3 stones.
You can't see any susceptible monsters within range! (Use Z to cast anyway.)
h - a scroll labelled WUBBUN RUOS You can't see any susceptible monsters within range! (Use Z to cast anyway.)
You see here 3 stones.
i - 3 scrolls labelled RAGIOR NADERHA You can't see any susceptible monsters within range! (Use Z to cast anyway.)
As you read the scroll labelled ISYPAI JAGUE, it crumbles to dust.
It is a scroll of identify.
d - 2 scrolls of amnesia This is a scroll of acquirement!
Something appears at your feet! Something appears at your feet!
Okay, then.
Are you sure you want to abandon this character and quit the game? (Confirm with "yes".)

.........
############.#
#...##### #.#
#...############
#.#
...............#
#.#
.###.#########.#
#.# .# #.# #.#
..# .# #.# #.#
### .# #.#
#(#######.# .#
#.# #..@......#
.# #.#
########### .#
#.# .###.#
..)..# ######


There were no monsters in sight!

Vanquished Creatures
  3 bats (D:1)
  A giant cockroach (D:1)
  A goblin (D:1)
  2 hobgoblins (D:1)
  6 jackals (D:1)
  2 quokkas (D:1)
  A ball python (D:1)
  A frilled lizard (D:1)
  A rat (D:1)
18 creatures vanquished.

Notes
Turn   | Place    | Note
-------+----------+-------------------------------------------
     0 | D:1      | McKennaii the Demigod Conjurer began the quest for the Orb.
     0 | D:1      | Reached XP level 1. HP: 14/14 MP: 5/5
   371 | D:1      | Reached XP level 2. HP: 3/20 MP: 0/7
   565 | D:1      | Reached skill level 4 in Conjurations
   704 | D:1      | Identified 3 scrolls of acquirement
   704 | D:1      | Acquired 747 gold pieces
   705 | D:1      | Acquired 415 gold pieces
   706 | D:1      | Quit the game

Illustrated notes

Levels and vault maps discovered:
D:1:      spicycebolla_arrival_ecumenical, layout_loops_ring

Skill      XL: |  1  2 |
---------------+-------+-----
Spellcasting   | 2 |  2.3
Conjurations   | 4 |  4.0
Dodging        | |  1.7
Stealth        | |  1.7

Action                     || total
---------------------------++-------
  Melee: Unarmed           ||    33
   Cast: Magic Dart        ||    38
    Use: Scroll            ||     3
 Armour: Robe              ||     8
  Dodge: Dodged            ||    35
